 Dungeon Crawl Stone Soup version 0.27-a0-1177-g245c70e1c0 (webtiles) character file.

Game seed: 15014494635874410869

544 voltaire321 the Magician (level 7, 0/40 HPs)
             Began as a Deep Elf Air Elementalist on May 16, 2021.
             Was a Follower of Sif Muna.
             Slain by a killer bee (3 damage)
             ... on level 5 of the Dungeon.
             The game lasted 00:20:06 (4793 turns).

voltaire321 the Magician (DEAE)                     Turns: 4793, Time: 00:20:06

Health: 0/40       AC:  7    Str:  6    XL:     7   Next: 6%
Magic:  1/16       EV: 13    Int: 21    God:    Sif Muna [*.....]
Gold:   138        SH:  0    Dex: 15    Spells: 7/15 levels left

rFire    . . .     SeeInvis .   c - staff of air
rCold    . . .     Faith    .   (no shield)
rNeg     + . .     Spirit   .   a - +1 robe
rPois    .         Reflect  .   (no helmet)
rElec    +         Harm     .   (no cloak)
rCorr    .         Rampage  .   p - +0 pair of gloves
Will     .....                  k - +2 pair of boots {Stlth+}
Stlth    +++.......             n - amulet of the acrobat
HPRegen  0.13/turn              o - ring of positive energy
MPRegen  0.15/turn              (no ring)

@: no status effects
A: no striking features
a: Renounce Religion, Channel Magic


You were on level 5 of the Dungeon.
You worshipped Sif Muna.
Sif Muna was aware of your devotion.
You visited 1 branch of the dungeon, and saw 5 of its levels.

You collected 138 gold pieces.

Inventory:

Hand Weapons
 b - a +3 whip of freezing
 m - a +2 short sword of venom
Armour
 a - a +1 robe (worn)
 k - a +2 pair of boots of stealth (worn)
 p - a +0 pair of gloves (worn)
Magical Staves
 c - a staff of air (weapon)
Jewellery
 n - an amulet of the acrobat (around neck)
 o - a ring of positive energy (left hand)
Scrolls
 g - a scroll of enchant armour
 j - 3 scrolls of amnesia
Potions
 d - 3 potions of curing {unknown}
 e - a potion of degeneration {unknown}
 f - a potion of berserk rage {unknown}
 h - a potion of ambrosia {unknown}
 i - a potion of heal wounds {unknown}
 l - a potion of invisibility


   Skills:
 + Level 2.1 Fighting
 + Level 4.1 Dodging
 - Level 2.4 Stealth
 + Level 4.7 Spellcasting
 + Level 3.5 Conjurations
 + Level 1.3 Summonings
 + Level 4.4 Air Magic
 + Level 2.0 Invocations
 - Level 1.2 Evocations


You had 7 spell levels left.
You knew the following spells:

 Your Spells              Type           Power      Damage    Failure   Level
a - Shock                 Conj/Air       100%       1d9       2%          1
b - Static Discharge      Conj/Air       32%        N/A       3%          2
c - Swiftness             Air            35%        N/A       5%          3
d - Call Imp              Summ           10%        N/A       10%         2

Your spell library contained the following spells:

 Spells                   Type           Power      Damage    Failure   Level
 Summon Small Mammal      Summ           40%        N/A       6%          1
 Corona                   Hex            5%         N/A       11%         1
 Dazzling Flash           Conj/Hex       24%        N/A       16%         3
 Ensorcelled Hibernation  Hex/Ice        10%        N/A       17%         2
 Airstrike                Air            17%        N/A       17%         4
 Call Canine Familiar     Summ           10%        N/A       19%         3
 Summon Guardian Golem    Hex/Summ       7%         N/A       26%         3
 Confusing Touch          Hex            5%         N/A       32%         3
 Tukima's Dance           Hex            5%         N/A       32%         3
 Summon Lightning Spire   Summ/Air       25%        N/A       32%         4
 Lightning Bolt           Conj/Air       16%        1d30      52%         5
 Summon Ice Beast         Ice/Summ       7%         N/A       63%         4


Dungeon Overview and Level Annotations

Branches:
Dungeon (5/15)
 Temple: D:4-7

Altars:
Cheibriados
Sif Muna

Portals:
Sewer: D:5


Message History

You barely miss the bullfrog skeleton.
The bullfrog skeleton is heavily damaged.
The bullfrog skeleton hits you.
* * * LOW HITPOINT WARNING * * *
A killer bee comes into view.
You hit the bullfrog skeleton but do no damage.
The bullfrog skeleton is heavily damaged.
The bullfrog skeleton misses you.
Your crimson imp blinks!
Your iron imp hits the bullfrog skeleton.
The bullfrog skeleton hits you.
* * * LOW HITPOINT WARNING * * *
Your magical contamination has completely faded away.
The killer bee stings your crimson imp.
Your crimson imp blinks!
The bullfrog skeleton hits your crimson imp but does no damage.
Your iron imp barely misses the bullfrog skeleton.
The bullfrog skeleton completely misses your crimson imp.
Your crimson imp closely misses the bullfrog skeleton.
The bullfrog skeleton completely misses your crimson imp.
Your crimson imp hits the bullfrog skeleton.
Your iron imp hits the bullfrog skeleton!
The bullfrog skeleton is destroyed!
Sif Muna accepts your kill.
Your Invocations skill increases to level 2!
The killer bee stings your crimson imp.
Your crimson imp blinks!
The killer bee closely misses you. The killer bee completely misses you.
Casting: Call Imp (safe; 10% risk of failure)
Confirm with . or Enter, or press ? or * to list all spells.
Aiming: Shock (safe; 2% risk of failure)
Press: ? - help, Shift-Dir - straight line, f - killer bee
Aim: a killer bee (ally target, 48% to hit)
You feel a surge of power!
The zap hits the killer bee.
The killer bee is moderately wounded.
The zap misses the killer bee.
Your crimson imp disappears in a puff of smoke!
The killer bee stings you.
You die...

#.........≈......
#........≈.≈....
#..§....P≈≈≈≈.#
##._...5..≈≈≈≈.#..
........5..≈≈≈≈....
+..............≈..P...
#...........y.#......8
....#...##....##y##.####Z.
....#...########@##.###
....#...#...............
....+...#...............
....#...#...............
....#...Z....8..........
....#...#...............
....+...###.....##+#####
....#...# .........
....#...#...........


You could see 2 killer bees, a friendly iron imp (summoned) and a friendly
crimson imp (summoned).

Vanquished Creatures
  Edmund (D:4)
  2 jellies (D:4)
  A hound (D:4)
  An orc priest (D:2)
  Jessica (D:3)
  A bullfrog skeleton (D:5)
  An iguana (D:4)
  An orc wizard (D:4)
  A hound skeleton (D:4)
  6 adders
  An adder skeleton (D:4)
  2 worms
  2 dart slugs
  7 orcs
  7 ball pythons
  6 bats
  9 endoplasms
  3 giant cockroaches
  3 goblins
  8 hobgoblins
  6 jackals
  8 kobolds
  4 quokkas
  4 frilled lizards
  5 rats
91 creatures vanquished.

Vanquished Creatures (collateral kills)
  A wyvern zombie (D:5)
  A bullfrog skeleton (D:5)
  A howler monkey zombie (D:5)
3 creatures vanquished.

Vanquished Creatures (others)
  A withered plant (D:5)
1 creature vanquished.

Grand Total: 95 creatures vanquished

Notes
Turn   | Place    | Note
-------+----------+-------------------------------------------
     0 | D:1      | voltaire321 the Deep Elf Air Elementalist began the quest
                  | for the Orb.
     0 | D:1      | Reached XP level 1. HP: 10/10 MP: 6/6
   308 | D:1      | Reached XP level 2. HP: 15/15 MP: 5/8
   471 | D:1      | Learned a level 2 spell: Static Discharge
  1191 | D:2      | Reached XP level 3. HP: 15/19 MP: 4/9
  1479 | D:2      | Reached XP level 4. HP: 24/24 MP: 0/11
  1763 | D:2      | Learned a level 3 spell: Swiftness
  1911 | D:2      | Found a faded altar of an unknown god.
  2943 | D:3      | Reached skill level 1 in Fighting
  3136 | D:3      | Noticed Jessica
  3139 | D:3      | Killed Jessica
  3140 | D:3      | Reached skill level 1 in Evocations
  3140 | D:3      | Reached XP level 5. HP: 29/29 MP: 8/12
  3166 | D:3      | Found a shimmering blue altar of Sif Muna.
  3174 | D:3      | Became a worshipper of Sif Muna the Loreminder
  3672 | D:4      | Reached skill level 1 in Invocations
  3672 | D:4      | Reached XP level 6. HP: 26/34 MP: 7/14
  3851 | D:4      | Learned a level 2 spell: Call Imp
  4163 | D:4      | Reached * piety under Sif Muna
  4314 | D:4      | Noticed Edmund
  4334 | D:4      | Killed Edmund
  4335 | D:4      | Reached skill level 1 in Summonings
  4700 | D:5      | Entered Level 5 of the Dungeon
  4739 | D:5      | Reached XP level 7. HP: 3/40 MP: 3/16
  4765 | D:5      | Found a snail-covered altar of Cheibriados.
  4774 | D:5      | Found a glowing drain.
  4786 | D:5      | HP: 2/40 [bullfrog skeleton (3)]
  4793 | D:5      | Slain by a killer bee

Illustrated notes

Levels and vault maps discovered:
D:1:      minmay_arrival_checkered_box, layout_basic, st_stairs_8,
          patterned_corridor
D:2:      layout_basic, ebering_ecumenical_altar_webs, minmay_pentomino_x4
D:3:      layout_loops_corners, tgw_sif, uniq_jessica
D:4:      kennysheep_big_flooded_room, layout_cave_pools, uniq_edmund
D:5:      layout_gridville, cheibriados_altar_1, chequers_ossuary_entry_cave,
          serial_undead, serial_undead_a, serial_undead_a, serial_undead_e,
          serial_undead_b, serial_undead_b, serial_undead_c, serial_undead_f,
          serial_undead_e, serial_undead_b, serial_undead_d,
          gup_sewer_entry_glass

Skill      XL: |  1  2  3  4  5  6  7 |
---------------+----------------------+-----
Conjurations   | 2 3 |  3.5
Dodging        | 3 4 |  4.1
Fighting       | 1 2 |  2.1
Evocations     | 1 |  1.2
Air Magic      | 4 |  4.4
Spellcasting   | 4 |  4.7
Invocations    | 1 2 |  2.0
Summonings     | 1 |  1.3
Stealth        | |  2.4

Action                   |  1- 3 |  4- 6 |  7- 9 || total
-------------------------+-------+-------+-------++-------
Melee: Unarmed           |     1 |       |       ||     1
       Whip              |    11 |     4 |       ||    15
       Staff             |       |    14 |     2 ||    16
 Cast: Shock             |    62 |   128 |     2 ||   192
       Static Discharge  |       |     7 |       ||     7
       Call Imp          |       |     6 |     4 ||    10
  Use: Scroll            |       |     6 |       ||     6
       Potion            |       |       |     1 ||     1
Armor: Robe              |     4 |     9 |       ||    13
Dodge: Dodged            |    22 |    35 |     4 ||    61

Table legend: (Time is in decaauts)
 A = Elapsed time spent in this place.
 B = Non-inter-level travel time spent in this place.
 C = Inter-level travel time spent in this place.
 D = Time resting spent in this place.
 E = Time spent auto-exploring this place.
 F = Levels seen in this place.
 G = Mean time per level.
                   A        B        C        D        E       F      G
               +--------+--------+--------+--------+--------+-----+--------+
         Total |   4801 |   4745 |     56 |   1396 |   2462 |   5 |  960.2 |
       Dungeon |   4801 |   4745 |     56 |   1396 |   2462 |   5 |  960.2 |
               +--------+--------+--------+--------+--------+-----+--------+

Top non-repeatable levels by time:
     D:2: 1331 daAuts
     D:4: 1228 daAuts
     D:1: 1095 daAuts
     D:3: 1052 daAuts
     D:5: 93 daAuts
